 Dungeon Crawl Stone Soup version 0.21-a0-153-g78480df (webtiles) character file.

2044 Netburst the Thaumaturge (level 9, 0/54 HPs)
             Began as a Deep Elf Wizard on Aug 1, 2017.
             Was an Initiate of Vehumet.
             Slain by a killer bee (10 damage)
             ... on level 7 of the Dungeon.
             The game lasted 00:15:19 (6956 turns).

Netburst the Thaumaturge (Deep Elf Wizard)          Turns: 6956, Time: 00:15:20

Health: 0/54       AC:  3    Str:  4    XL:     9   Next: 4%
Magic:  15/25      EV: 16    Int: 27    God:    Vehumet [......]
Gold:   246        SH:  0    Dex: 13    Spells: 22/28 levels left

rFire    . . .     SeeInvis .   l - +1 short sword
rCold    . . .     Gourm    .   (no shield)
rNeg     . . .     Faith    .   a - +0 robe
rPois    .         Spirit   .   b - +0 hat
rElec    .         Reflect  .   (no cloak)
rCorr    .         Harm     .   t - +0 pair of gloves
MR       .....                  (no boots)
Stlth    ++........             (no amulet)
HPRegen  0.18/turn              (no ring)
MPRegen  0.19/turn              (no ring)

@: lethally poisoned (0 -> -33), about to teleport
A: no striking features
a: Renounce Religion


You were on level 7 of the Dungeon.
You worshipped Vehumet.
Vehumet was noncommittal.
You were not hungry.

You visited 2 branches of the dungeon, and saw 8 of its levels.

You collected 246 gold pieces.

Inventory:

Hand Weapons
 l - a +1 short sword (weapon)
   (You took it off a kobold on level 1 of the Dungeon)
Armour
 a - a +0 robe (worn)
 b - a +0 hat (worn)
 t - a +0 pair of gloves (worn)
   (You found it on level 3 of the Dungeon)
Wands
 y - a wand of scattershot (0/9)
   (You found it on level 5 of the Dungeon)
 z - a wand of flame (1/48)
   (You took it off a crimson imp on level 6 of the Dungeon)
Scrolls
 f - a scroll of blinking {unknown}
 h - 2 scrolls of amnesia {unknown}
 j - 3 scrolls of magic mapping {!r}
 p - a scroll of fear {unknown}
 q - 4 scrolls of enchant weapon
 v - 5 scrolls of remove curse {unknown}
 x - 4 scrolls of identify
 A - a scroll of random uselessness {unknown}
 B - a scroll of recharging {unknown}
Potions
 e - a potion of ambrosia {unknown}
 i - 2 potions of curing
 k - a potion of might
 o - a potion of degeneration {unknown}
 r - 2 potions of lignification {!q}
 s - a potion of magic {unknown}
 w - 2 potions of flight {unknown}
Books
 c - a book of Minor Magic
Comestibles
 d - 5 bread rations {@e1}
 m - a royal jelly
 n - 3 meat rations {@e2}
 C - a chunk of flesh {@w0}


   Skills:
 + Level 5.1 Fighting
 + Level 7.5 Dodging
 - Level 2.4 Stealth
 * Level 10.2 Spellcasting
 - Level 4.1 Conjurations
   Level 1.1 Summonings
 - Level 1.1 Translocations


You had 22 spell levels left.
You knew the following spells:

 Your Spells              Type           Power        Failure   Level  Hunger
a - Magic Dart            Conj           ####         1%          1    None
b - Blink                 Tloc           N/A          4%          2    None
c - Conjure Flame         Conj/Fire      ###.....     5%          3    None


Dungeon Overview and Level Annotations

Branches:
Dungeon (7/15)             Temple (1/1) D:4

Altars:
Ashenzari
Cheibriados
Dithmenos
Elyvilon
Fedhas
Gozag
Kikubaaqudgha
Makhleb
Nemelex Xobeh
Qazlal
Ru
Sif Muna
Uskayaw
Vehumet
Wu Jian
Xom
Yredelemnul
Zin
The Shining One


Message History

The gnoll shouts!
You now have 23/25 mp.
Aim: a gnoll, wielding a halberd (moderately wounded)
The magic dart hits the gnoll.
A killer bee comes into view.
You now have 22/25 mp.
The fire ignites!
The killer bee buzzes angrily. 2 killer bees come into view.
You now have 19/25 mp.
Aim: a gnoll, wielding a halberd (almost dead)
The magic dart hits the gnoll.
The killer bee buzzes angrily.
The killer bee moves out of view. 2 killer bees come into view.
You now have 18/25 mp.
Aim: a gnoll, wielding a halberd (almost dead)
The magic dart hits the gnoll.
You kill the gnoll!
Vehumet accepts your kill.
The killer bee buzzes angrily. x2 2 wights come into view.
Aim: a killer bee The magic dart hits the killer bee.
The wight moves out of view.
A killer bee comes into view.
You now have 17/25 mp.
Okay, then.
The fire ignites!
The killer bee buzzes angrily.
You now have 14/25 mp.
The fire ignites!
You now have 12/25 mp.
Unknown command.
Okay, then.
Aim: a killer bee The burst of metal fragments hits the killer bee. x2
Evoking this partially-identified wand wasted a few charges.
Aim: a killer bee (heavily wounded) Nothing appears to happen.
The killer bee misses you.
As you read the scroll of teleportation, it crumbles to dust.
You feel strangely unstable. The killer bee closely misses you.
The killer bee barely misses you. The killer bee closely misses you.
A wight comes into view. It is wielding a battleaxe.
Unknown command.
The killer bee misses you. The killer bee stings you.
You are poisoned.
The killer bee poisons you! The killer bee barely misses you.
You take 1 damage, and have 52/53 hp.
You feel sick. The killer bee misses you. The killer bee stings you.
The killer bee closely misses you.
You take 5 damage, and have 47/53 hp.
The killer bee completely misses you. x2; The killer bee stings you!
You take 7 damage, and have 40/53 hp.
Your surroundings seem slightly different.
You feel sick.
The gnoll shouts!
You take 1 damage, and have 39/53 hp.
As you read the scroll of teleportation, it crumbles to dust.
You feel strangely unstable. The killer bee closely misses you. x2
The gnoll hits you from afar with a spear.
The killer bee misses you. x3
You take 5 damage, and have 34/53 hp.
Unknown command.
You feel much better.
The killer bee stings you but does no damage.
The killer bee stings you. x2; The killer bee barely misses you.
The killer bee closely misses you. The gnoll closely misses you.
The killer bee barely misses you.
The killer bee stings you but does no damage.
The killer bee stings you! The killer bee barely misses you.
The gnoll hits you from afar with a halberd of venom!
You are more poisoned.
You take 2 damage, and have 32/54 hp.
You feel much better.
You feel sick. The killer bee misses you. The killer bee stings you.
The killer bee closely misses you. The killer bee barely misses you.
The killer bee stings you!
The gnoll hits you from afar with a spear.
The killer bee closely misses you. x2; The killer bee stings you. x2
You are more poisoned.
The killer bee poisons you! The killer bee stings you.
You take 2 damage, and have 30/54 hp.
Unknown command.
Unknown command.
You feel better. The killer bee stings you!
The killer bee completely misses you. The killer bee stings you!
The killer bee stings you.
You are poisoned.
The killer bee poisons you! The killer bee stings you.
You are more poisoned.
The killer bee poisons you!
The gnoll hits you from afar with a halberd of venom!
* * * LOW HITPOINT WARNING * * *
You are more poisoned.
The killer bee barely misses you.
The gnoll hits you from afar with a spear.
* * * LOW HITPOINT WARNING * * *
The killer bee stings you!
You die...

#.................#
#.................#
#.................#
##........#+#...(.#
##........# #...^.# #
###.........#+#.....###
#.............##.#####. ..
#..†z.yy......##.# #. ..z##
#....z@yy.....##.#####.
yy.)yg#...g.yy......#........
#....zg.........#..<.....
###..##......##..........
...y)..#######..###÷........
..y###.# #.#####........ .
..# #.# #.......... ....##
#.###.#........
..##...####.....#........


You could see 6 killer bees, 3 wights and 2 gnolls.

Vanquished Creatures
  The ghost of 80486SX the Magician, an amateur DEFE (D:4)
  An orc warrior (D:6)
  An ice beast (D:7)
  2 necrophages (D:7)
  2 ogres
  A centaur (D:6)
  A phantom (D:6)
  5 bullfrogs
  A water moccasin skeleton (D:7)
  5 crimson imps
  A quasit (D:7)
  A hound (D:5)
  3 centaur skeletons
  2 orc wizards
  2 iguanas
  5 worker ants
  10 adders
  11 gnolls
  2 shadow imps
  An ooze (D:5)
  2 adder zombies (D:6)
  2 worms
  3 leopard geckos
  20 orcs
  3 giant cockroaches
  3 goblins
  3 hobgoblins
  14 jackals
  2 quokkas (D:2)
  8 bats
  7 frilled lizards
  A jackal skeleton (D:7)
  6 kobolds
  5 rats
137 creatures vanquished.

Notes
Turn   | Place    | Note
-------+----------+-------------------------------------------
     0 | D:1      | Netburst the Deep Elf Wizard began the quest for the Orb.
     0 | D:1      | Reached XP level 1. HP: 10/10 MP: 7/7
   314 | D:1      | Reached XP level 2. HP: 15/15 MP: 4/9
   400 | D:1      | Reached skill level 2 in Conjurations
   573 | D:2      | Found a blossoming altar of Fedhas.
   573 | D:2      | Found a glowing golden altar of the Shining One.
   582 | D:2      | Reached XP level 3. HP: 19/19 MP: 3/11
   743 | D:2      | Reached skill level 3 in Dodging
   921 | D:2      | Reached skill level 5 in Spellcasting
   921 | D:2      | Reached skill level 3 in Conjurations
   942 | D:2      | Reached XP level 4. HP: 24/24 MP: 3/13
  1262 | D:3      | Noticed an ogre
  1268 | D:3      | Killed an ogre
  1268 | D:3      | Reached skill level 4 in Conjurations
  1268 | D:3      | Reached XP level 5. HP: 28/28 MP: 8/15
  1274 | D:3      | Reached skill level 4 in Dodging
  1407 | D:3      | Found a shimmering altar of Xom.
  1630 | D:3      | Reached skill level 1 in Fighting
  1659 | D:3      | Found a shadowy altar of Dithmenos.
  1659 | D:3      | Found an ornate altar of the Wu Jian Council.
  2070 | D:3      | Found a faded altar of an unknown god.
  2105 | D:3      | Found an opulent altar of Gozag.
  2252 | D:3      | Learned a level 3 spell: Conjure Flame
  2255 | D:3      | Learned a level 2 spell: Blink
  2322 | D:4      | Reached XP level 6. HP: 35/35 MP: 12/16
  2366 | D:4      | Found a staircase to the Ecumenical Temple.
  2372 | Temple   | Entered the Ecumenical Temple
  2769 | D:4      | Noticed 80486SX's ghost (amateur DEFE)
  2773 | D:4      | HP: 6/35 [80486SX's ghost/flame tongue (13)]
  2776 | D:4      | Killed 80486SX's ghost
  2776 | D:4      | Reached skill level 2 in Fighting
  2838 | D:4      | Found an ancient bone altar of Kikubaaqudgha.
  2840 | D:4      | Reached skill level 5 in Dodging
  3168 | D:4      | Reached skill level 3 in Fighting
  3564 | D:5      | Entered Level 5 of the Dungeon
  3564 | D:5      | Noticed a dagger
  3566 | D:5      | Noticed a dagger
  3566 | D:5      | Found a hide-covered altar of Uskayaw.
  3634 | D:5      | Reached XP level 7. HP: 34/41 MP: 9/17
  4388 | D:5      | Reached skill level 6 in Spellcasting
  4722 | D:6      | Reached skill level 6 in Dodging
  4722 | D:6      | Reached skill level 7 in Spellcasting
  4843 | D:6      | Reached skill level 4 in Fighting
  4906 | D:6      | Reached XP level 8. HP: 20/48 MP: 11/21
  5232 | D:6      | Reached skill level 8 in Spellcasting
  6016 | D:6      | Found a radiant altar of Vehumet.
  6016 | D:6      | Found a burning altar of Makhleb.
  6024 | D:6      | Reached skill level 9 in Spellcasting
  6044 | D:6      | Became a worshipper of Vehumet
  6308 | D:7      | Reached skill level 7 in Dodging
  6699 | D:7      | Reached skill level 5 in Fighting
  6852 | D:7      | Reached skill level 10 in Spellcasting
  6857 | D:7      | Reached XP level 9. HP: 53/53 MP: 15/25
  6956 | D:7      | HP: 11/54 [gnoll/halberd of venom (11)]
  6956 | D:7      | Slain by a killer bee

Vault maps used:
D:1:      saegor_arrival_under_anarchy, serial_glass, glass_columns_a,
          glass_columns_a, glass_columns_a, glass_columns_a
D:2:      grunt_temple_overflow_open, first_bread, minmay_misc_feat_rows
D:3:      nicolae_overflow_hidden_temple,
          nicolae_gozag_cash_rules_everything_around_me,
          chequers_ecumenical_altar_lobes
D:4:      old_standard_altar, minmay_temple_entry_statues_pillars
D:5:      dancing_weapons_uskayaw, serial_curves, eino_curves_04, eino_curves_03
D:6:      grunt_temple_overflow_lords_of_destruction
D:7:      kennysheep_mini
Temple:   compressed_dpeg_triangle_lava_temple

Skill      XL: |  1  2  3  4  5  6  7  8 |
---------------+-------------------------+-----
Conjurations   | 2 3 4 |  4.1
Dodging        | 3 4 5 6 7 |  7.5
Spellcasting   | 5 7 10 | 10.2
Fighting       | 1 3 4 5 |  5.1
Stealth        | |  2.4
Summonings     | |  1.1
Translocations | |  1.1

Action                   |  1- 3 |  4- 6 |  7- 9 || total
-------------------------+-------+-------+-------++-------
Melee: Short sword       |    11 |    15 |    17 ||    43
 Cast: Magic Dart        |    72 |   145 |   293 ||   510
       Conjure Flame     |       |     4 |    14 ||    18
       Blink             |       |     4 |       ||     4
Evoke: Wand              |       |       |     1 ||     1
  Use: Scroll            |     1 |     5 |     2 ||     8
       Potion            |     1 |     1 |     3 ||     5
  Eat: Chunk             |       |     5 |     7 ||    12
       Royal jelly       |       |     1 |     2 ||     3
Armor: Robe              |     2 |     8 |    10 ||    20
Dodge: Dodged            |    24 |    32 |    83 ||   139

Vault maps used:
D:1:      saegor_arrival_under_anarchy, serial_glass, glass_columns_a,
          glass_columns_a, glass_columns_a, glass_columns_a
D:2:      grunt_temple_overflow_open, first_bread, minmay_misc_feat_rows
D:3:      nicolae_overflow_hidden_temple,
          nicolae_gozag_cash_rules_everything_around_me,
          chequers_ecumenical_altar_lobes
D:4:      old_standard_altar, minmay_temple_entry_statues_pillars
D:5:      dancing_weapons_uskayaw, serial_curves, eino_curves_04, eino_curves_03
D:6:      grunt_temple_overflow_lords_of_destruction
D:7:      kennysheep_mini
Temple:   compressed_dpeg_triangle_lava_temple

Table legend:
 A = Turns spent in this place as a percentage of turns spent in the entire game.
 B = Non-inter-level travel turns spent in this place as a percentage of non-inter-level travel turns spent in the entire game.
 C = Inter-level travel turns spent in this place as a percentage of turns spent in this place.
 D = Turns resting spent in this place as a percentage of non-inter-level travel turns spent in this place.
 E = Turns spent auto-exploring this place as a percentage of non-inter-level travel turns spent in this place.
 F = Non-inter-level travel turns spent in this place divided by the number of levels of this place that you've seen.
                   A       B       C       D       E      F
               +-------+-------+-------+-------+-------+----------------------
         Total | 100.0 | 100.0 |   0.8 |   3.3 |   9.6 | 239.1
       Dungeon |  98.0 |  98.1 |   0.8 |   3.4 |   9.8 | 268.0
        Temple |   2.0 |   1.9 |   2.6 |   0.0 |   2.7 |  37.0
               +-------+-------+-------+-------+-------+----------------------

Table legend:
 A = Kills in this place as a percentage of kills in entire the game.
 B = Kills by you in this place as a percentage of kills by you in the entire game.
 C = Kills by friends in this place as a percentage of kills by friends in the entire game.
 D = Other kills in this place as a percentage of other kills in the entire game.
 E = Experience gained in this place as a percentage of experience gained in the entire game.
 F = Experience gained in this place divided by the number of levels of this place that you have seen.
                   A       B       C       D       E      F
               +-------+-------+-------+-------+-------+----------------------
         Total | 100.0 | 100.0 |  -nan |  -nan | 100.0 | 365.0
       Dungeon | 100.0 | 100.0 |  -nan |  -nan | 100.0 | 417.1
               +-------+-------+-------+-------+-------+----------------------
